 Dungeon Crawl Stone Soup version 0.29.1-2-gbd0b4ee654 (webtiles) character file.

Game seed: 13747287974966375907

135 gregunderscorem the Insei (level 5, -1/33 HPs)
             Began as an Octopode Transmuter on Nov 18, 2022.
             Slain by an orc wizard
             ... wielding a +0 dagger
              (3 damage)
             ... on level 3 of the Dungeon.
             The game lasted 00:05:28 (3018 turns).

gregunderscorem the Insei (Octopode Transmuter)     Turns: 3018, Time: 00:05:28

Health: -1/33      AC:  1    Str: 11    XL:     5   Next: 18%
Magic:  17/17      EV: 12    Int: 15    God:
Gold:   87         SH:  4    Dex: 13    Spells: 0/8 levels left

rFire   . . .      SeeInvis .   b - +1 dagger (freeze)
rCold   . . .      Faith    .   g - +0 buckler
rNeg    . . .      Spirit   .   (helmet restricted)
rPois   .          Reflect  .   (no amulet)
rElec   .          Harm     .   n - ring of magical power
rCorr   .          Rampage  .   (no ring)
Will    .....                   (no ring)
Stlth   ++........              (no ring)
HPRegen 0.11/turn               (no ring)
MPRegen 0.15/turn               (no ring)
                                (no ring)
                                (no ring)

@: no status effects
A: almost no armour, amphibious, 8 rings, camouflage 1, gelatinous body 1,
(nimble swimmer 1), tentacles
a: no special abilities


You were on level 3 of the Dungeon.
You visited 1 branch of the dungeon, and saw 3 of its levels.

You collected 87 gold pieces.

Inventory:

Hand Weapons
 b - a +1 dagger of freezing (weapon)
 j - a +0 club
Armour
 c - an orb of mayhem
 g - a +0 buckler (worn)
Jewellery
 n - a ring of magical power (left tentacle)
Wands
 m - a wand of iceblast (6)
 o - a wand of flame (17)
Scrolls
 h - 4 scrolls of teleportation
Potions
 a - a potion of lignification
 d - 4 potions of curing
 f - a potion of might
 l - a potion of flight


   Skills:
 - Level 1.0 Fighting
 + Level 2.0 Short Blades
 - Level 2.0 Dodging
 + Level 1.6 Shields
 - Level 3.6 Unarmed Combat
 - Level 2.0 Spellcasting
 + Level 3.5 Transmutations


You couldn't memorise any spells.
You knew the following spells:

 Your Spells              Type           Power      Damage    Failure   Level
a - Beastly Appendage     Tmut           24%        N/A       7%          1
b - Wereblood             Tmut           12%        N/A       11%         2
c - Spider Form           Tmut/Pois      6%         N/A       38%         3
d - Passwall              Tmut/Erth      5%         N/A       22%         2

Your spell library contained the following spells:

 Spells                   Type           Power      Damage    Failure   Level
 Sandblast                Erth           2%         2d4       28%         1
 Stone Arrow              Conj/Erth      2%         3d7       65%         3
 Ice Form                 Ice/Tmut       6%         N/A       80%         4


Dungeon Overview and Level Annotations

Branches:
Dungeon (3/15)

Altars:


Innate Abilities, Weirdness & Mutations

You cannot wear most types of armour.
You are amphibious.
You can wear up to eight rings at the same time.
Your skin changes colour to match your surroundings (Stealth+).
Your rubbery body absorbs attacks. (AC +1, EV +1)
((You are camouflaged when in or above water. (Stealth+)))
You have tentacles for arms and can constrict up to eight enemies at once.


Message History

You completely miss the orc.
The orc is heavily wounded.
You constrict the orc. The orc barely misses you.
You hit the orc. You freeze the orc.
You kill the orc!
You block the orc's attack.
Things that are here:
a +0 mace; a +0 morningstar; a +0 leather armour You hit the orc.
You freeze the orc. You grab the orc.
Your tentacle-slap misses the orc.
The orc is severely wounded.
You constrict the orc. The orc closely misses you.
You completely miss the orc.
The orc is almost dead.
You constrict the orc.
You kill the orc!
You completely miss the orc. Your grab misses the orc.
The orc hits you with a +0 hand axe!
You barely miss the orc. You grab the orc. You constrict the orc.
The orc closely misses you.
You hit the orc. You freeze the orc.
The orc is severely wounded.
You constrict the orc. The orc closely misses you.
You hit the orc. You freeze the orc.
You kill the orc!
A magic dart appears from out of thin air!
The magic dart hits you! Something hits you.
There is an open door here.
Things that are here:
a +0 hand axe; a +0 club; an orc corpse You hit something.
You freeze something. Your squeeze misses something. Something hits you.
* * * LOW HITPOINT WARNING * * *
You hit something. You freeze something. Something hits you.
* * * LOW HITPOINT WARNING * * *
You closely miss something. Your squeeze misses something. Something hits you.
* * * LOW HITPOINT WARNING * * *
You miss something. Something hits you.
You die...

.........≈≈~................##.#
.#########~###.#.########...##.#
...............#............##.#
##....###################...#..##
#.................# #........
#....#.#######....#### #..>####.
##....#.# ................## #.
≈######.# #..{..# ####### ###.
≈.# #.# #@# ###########... ≈.#
#.# #)#.#...........#. #.# #.#.#
# #.#.#.########..#. #.# #.#.#
#.#.#.#.# #......#. #.# #.#.#
#.#.#.#.# #.###.##. #.# #.#.#
#...#.#.# #.# #.##. ..#
#.#.#....#.#.#.# #.# #.##.
#######.#.##...#.#.#.# #.# #.##.
........#......#.#.#.####.###.#


There were no monsters in sight!

Vanquished Creatures
  7 adders (D:2)
  A worm (D:2)
  4 orcs (D:3)
  4 bats
  7 endoplasms
  A giant cockroach (D:2)
  6 goblins
  8 hobgoblins
  4 jackals (D:1)
  6 kobolds
  A quokka (D:1)
  4 ball pythons
  5 frilled lizards
  6 rats
64 creatures vanquished.

Notes
Turn   | Place    | Note
-------+----------+-------------------------------------------
     0 | D:1      | gregunderscorem the Octopode Transmuter began the quest for
                  | the Orb.
     0 | D:1      | Reached XP level 1. HP: 13/13 MP: 3/3
    19 | D:1      | Reached XP level 2. HP: 9/18 MP: 3/5
   175 | D:1      | Found a faded altar of an unknown god.
   322 | D:1      | Learned a level 2 spell: Wereblood
   714 | D:1      | Reached XP level 3. HP: 23/23 MP: 4/6
   718 | D:1      | Learned a level 3 spell: Spider Form
  1340 | D:2      | Reached skill level 1 in Short Blades
  1379 | D:2      | Reached XP level 4. HP: 25/28 MP: 7/7
  1510 | D:2      | Reached skill level 1 in Shields
  2178 | D:2      | Reached XP level 5. HP: 33/33 MP: 8/8
  2941 | D:3      | Learned a level 2 spell: Passwall
  3018 | D:3      | Slain by an orc wizard

Illustrated notes

Levels and vault maps discovered:
D:1:      heliophobic_arrival_enchanted_forest, layout_basic,
          basic_ecumenical_altar, chequers_serial_rivers_micro_d
D:2:      layout_basic, minmay_3d_cube
D:3:      minmay_diamond_boxcup, layout_basic, serial_rivers,
          chequers_serial_rivers_micro_a, chequers_serial_rivers_small_a,
          chequers_serial_rivers_micro_d, chequers_serial_rivers_micro_c,
          chequers_serial_rivers_large_b, chequers_serial_rivers_small_b

Skill      XL: |  1  2  3  4  5 |
---------------+----------------+-----
Short Blades   | 1 2 |  2.0
Transmutations | 3 |  3.5
Shields        | 1 |  1.6
Fighting       | |  1.0
Dodging        | |  2.0
Unarmed Combat | |  3.6
Spellcasting   | |  2.0

Action                   |  1- 3 |  4- 6 || total
-------------------------+-------+-------++-------
Melee: Unarmed           |    13 |       ||    13
       Constrict         |    15 |    15 ||    30
       Tentacles         |    11 |    10 ||    21
       Kick              |     6 |     8 ||    14
       Punch             |     3 |       ||     3
       Dagger            |    55 |    50 ||   105
 Cast: Beastly Appendage |     7 |     5 ||    12
  Use: Scroll            |     4 |     4 ||     8
       Potion            |     1 |     1 ||     2
 Stab: Sleeping          |     5 |       ||     5
Armor: Skin              |     7 |       ||     7
Dodge: Dodged            |    44 |    22 ||    66
Block: Buckler           |     1 |     5 ||     6
